 Dungeon Crawl Stone Soup version 0.29-a0-575-g0dc89cf053 (webtiles) character file.

Game seed: 1972318935770017048

167 YayAnonymity the Ruffian (level 5, -4/46 HPs)
             Began as a Ghoul Monk on June 12, 2022.
             Slain by a river rat (7 damage)
             ... in a sewer.
             The game lasted 00:03:40 (2853 turns).

YayAnonymity the Ruffian (Ghoul Monk)               Turns: 2853, Time: 00:03:41

Health: -4/46      AC: -2    Str: 15    XL:     5   Next: 48%
Magic:  4/4        EV: 12    Int:  7    God:
Gold:   113        SH:  0    Dex: 11    Spells: 4/4 levels left

rFire   . . .      SeeInvis .     - Unarmed
rCold   + . .      Faith    .   (no shield)
rNeg    + + +      Spirit   .   a - +0 robe
rPois   ∞          Reflect  .   (no helmet)
rElec   .          Harm     .   (no cloak)
rCorr   .          Rampage  .   (no gloves)
Will    .....                   (no boots)
Stlth   ++........              (no amulet)
HPRegen 0.00/turn               (no ring)
MPRegen 0.09/turn               (no ring)

@: corroded, inhibited regen
A: claws 1, cold resistance 1, negative energy resistance 3, inhibited
regeneration, torment resistance 2, devour on kill
a: no special abilities


You were in a sewer.
You visited 1 branch of the dungeon, and saw 3 of its levels.
You also visited: Sewer.

You collected 113 gold pieces.

Inventory:

Armour
 a - a +0 robe (worn)
Scrolls
 d - a scroll of teleportation {unknown}
 e - a scroll of vulnerability {unknown}
 f - a scroll of magic mapping {unknown}
 g - a scroll of enchant weapon {unknown}
 h - 2 scrolls of blinking {unknown}
 j - 3 scrolls of identify {unknown}
 l - a scroll of fear {unknown}
 m - a scroll of summoning {unknown}
 n - a scroll of poison {unknown}
Potions
 b - a potion of ambrosia
 c - a potion of mutation {unknown}
 i - a potion of haste {unknown}
 k - 2 potions of curing {unknown}
 o - a potion of flight {unknown}


   Skills:
 + Level 4.3 Fighting
 + Level 3.5 Dodging
 - Level 2.1 Stealth
 * Level 5.2 Unarmed Combat


You had 4 spell levels left.
You didn't know any spells.
Your spell library was empty.

Dungeon Overview and Level Annotations

Branches:
Dungeon (3/15)              Sewer (1/1)

Altars:

Shops:
D:1 (

Annotations:
D:3 1 runed translucent door


Innate Abilities, Weirdness & Mutations

You are immune to poison.
You have sharp fingernails.
Your flesh is cold resistant. (rC+)
You are immune to negative energy. (rN+++)
You do not regenerate when monsters are visible.
You are immune to unholy pain and torment.
You thrive by killing the living.


Message History

You closely miss the adder. The adder bites you.
You scratch the jelly but do no damage.
Your claws burn!
Your claw misses the jelly.
The jelly is moderately wounded.
The adder closely misses you. The jelly closely misses you.
You scratch the jelly.
Your claws burn!
The jelly is heavily wounded.
The adder bites you. The jelly misses you.
You barely miss the jelly.
The jelly is heavily wounded.
The adder barely misses you. The jelly barely misses you.
You scratch the jelly.
Your claws burn!
The jelly is heavily wounded.
The adder bites you. x2
You are too injured to fight recklessly!
You are too injured to fight recklessly!
You are too injured to fight recklessly!
You claw the jelly!
You kill the jelly!
The river rat misses you. The adder closely misses you.
You scratch the adder.
The adder is heavily wounded.
The river rat barely misses you. The adder bites you.
You barely miss the adder.
The adder is heavily wounded.
The adder completely misses you. The river rat misses you.
You claw the adder!
You kill the adder!
The river rat bites you.
* * * LOW HITPOINT WARNING * * *
You closely miss the river rat. The river rat barely misses you.
You scratch the river rat but do no damage.
You claw the river rat.
The river rat is moderately wounded.
The river rat bites you!
* * * LOW HITPOINT WARNING * * *
You scratch the river rat.
The river rat is heavily wounded.
The river rat bites you!
You die...

#### ###### ##≈≈##
####.≈≈.≈
##.≈†.#!!##.≈†≈...≈
#r≈≈.≈≈≈.#.....####
#≈@##≈..##≈≈.###
#...##?##.≈.##
##≈.≈###≈≈..#
##....≈..≈##
###.≈≈.≈≈## ###
###.≈..≈..## #.≈
##...≈.†..≈## #≈.
#.≈≈..≈.#..≈## #≈≈
#.≈.##.≈≈##.≈.# #.≈


You could see a river rat.

Vanquished Creatures
  A jelly (Sewer)
  5 adders
  2 worms
  3 dart slugs
  6 bats
  14 endoplasms
  5 giant cockroaches
  A goblin (D:1)
  5 hobgoblins
  2 jackals (D:1)
  2 kobolds
  7 quokkas
  9 ball pythons
  7 frilled lizards
  6 rats
75 creatures vanquished.

Notes
Turn   | Place    | Note
-------+----------+-------------------------------------------
     0 | D:1      | YayAnonymity the Ghoul Monk began the quest for the Orb.
     0 | D:1      | Reached XP level 1. HP: 19/19 MP: 0/0
   241 | D:1      | Reached XP level 2. HP: 26/26 MP: 1/1
   869 | D:1      | Reached skill level 4 in Unarmed Combat
   869 | D:1      | Reached XP level 3. HP: 30/31 MP: 2/2
   881 | D:1      | Found Doitoo's Weapon Emporium.
  1465 | D:2      | Found a faded altar of an unknown god.
  1816 | D:2      | Reached XP level 4. HP: 40/40 MP: 3/3
  2183 | D:3      | Found a runed translucent door.
  2379 | D:3      | Found a glowing drain.
  2534 | Sewer    | Entered a sewer
  2737 | Sewer    | Reached XP level 5. HP: 42/46 MP: 4/4
  2763 | Sewer    | Reached skill level 5 in Unarmed Combat
  2853 | Sewer    | Slain by a river rat

Illustrated notes

Levels and vault maps discovered:
D:1:      onia_arrival_pyramid, layout_basic, serial_shops,
          nicolae_shop_hallway_plus
D:2:      layout_basic, ebering_ecumenical_altar_sacrificial
D:3:      layout_basic, nicolae_qazlal_general_emergency, ebering_ghost_sewer_d,
          gup_sewer_entry_bubbles, minivault_19, uniq_jessica
Sewer:    sewer_hellmonk_slimy_pipes

Skill      XL: |  1  2  3  4  5 |
---------------+----------------+-----
Dodging        | 3 |  3.5
Unarmed Combat | 4 5 |  5.2
Fighting       | 4 |  4.3
Stealth        | |  2.1

Action                   |  1- 3 |  4- 6 || total
-------------------------+-------+-------++-------
Melee: Unarmed           |   104 |   123 ||   227
       Punch             |     1 |     4 ||     5
 Stab: Sleeping          |     5 |     2 ||     7
Armor: Robe              |    26 |    13 ||    39
Dodge: Dodged            |    78 |    67 ||   145

Table legend: (Time is in decaauts)
 A = Elapsed time spent in this place.
 B = Non-inter-level travel time spent in this place.
 C = Inter-level travel time spent in this place.
 D = Time resting spent in this place.
 E = Time spent auto-exploring this place.
 F = Levels seen in this place.
 G = Mean time per level.
                   A        B        C        D        E       F      G
               +--------+--------+--------+--------+--------+-----+--------+
         Total |   2874 |   2853 |     21 |    311 |   1897 |   4 |  718.5 |
       Dungeon |   2553 |   2532 |     21 |    161 |   1885 |   3 |  851.0 |
         Sewer |    321 |    321 |      0 |    150 |     12 |   1 |  321.0 |
               +--------+--------+--------+--------+--------+-----+--------+

Top non-repeatable levels by time:
     D:1: 1338 daAuts
     D:2: 809 daAuts
     D:3: 405 daAuts
   Sewer: 321 daAuts
